[Event "94th FRA-ch Open B 2019"]
[Site "Chartres"]
[Date "2019.08.17"]
[Round "1.1"]
[White "Trouville, Remi"]
[Black "Capton, Rafael"]
[Result "1-0"]
[ECO "B08"]
[WhiteElo "1991"]
[BlackElo "1851"]
[Annotator "NA"]
[PlyCount "71"]
[EventDate "2019.08.17"]
[EventType "swiss"]
[EventCountry "FRA"]
[SourceTitle "playchess.com"]
[Source "ChessBase"]
[SourceQuality "1"]
[TimeControl "40/5400+30:1800+30"]

1. d4 Nf6 2. Nc3 g6 3. e4 d6 4. Nf3 Bg7 5. Bg5 O-O 6. h3 c5 7. Be2 Qb6 8. O-O cxd4 9. Bxf6 dxc3 10. Bxg7 Kxg7 11. bxc3 Nc6 12. Nd4 Bd7 13. Rb1 Qc7 14. f4 Rac8 15. Bd3 e5 16. Ne2 a6 17. f5 f6 18. Ng3 Ne7 19. Qg4 Kh8 20. Qh4 b5 21. fxg6 Nxg6 22. Qh6 Be6 23. Nh5 Qe7 24. Rf2 Rf7 25. Rbf1 Rcf8 26. g4 Bxa2 27. Ra1 Qe6 28. Rxf6 Qe7 29. Rxg6 Qa7+ 30. Kh1 Qf2 31. Rf6 Qh4 32. Kg2 Be6 33. Raf1 Bxg4 34. hxg4 Rg8 35. Be2 Rc7 36. Rf7 1-0

[Event "94th FRA-ch Open B 2019"]
[Site "Chartres"]
[Date "2019.08.17"]
[Round "1.2"]
[White "Dieuleveut, Floriane"]
[Black "Le Menelec, Erwan-Son"]
[Result "1/2-1/2"]
[ECO "B07"]
[WhiteElo "1848"]
[BlackElo "1986"]
[Annotator "NA"]
[PlyCount "47"]
[EventDate "2019.08.17"]
[EventType "swiss"]
[EventCountry "FRA"]
[SourceTitle "playchess.com"]
[Source "ChessBase"]
[SourceQuality "1"]
[TimeControl "40/5400+30:1800+30"]

1. e4 d6 2. Nc3 g6 3. Bc4 Bg7 4. f4 Nf6 5. Nf3 Nxe4 6. Bxf7+ Kxf7 7. Nxe4 d5 8. Neg5+ Kg8 9. Ne5 Bxe5 10. fxe5 h6 11. Nf3 d4 12. O-O Kg7 13. d3 Rf8 14. Qd2 Rh8 15. Qf2 Nc6 16. Nh4 Nxe5 17. Qg3 Ng4 18. h3 g5 19. hxg4 gxh4 20. Qe5+ Kg8 21. Qh5 Rh7 22. Bxh6 Kh8 23. Qe5+ Kg8 24. Qg5+ 1/2-1/2

[Event "94th FRA-ch Open B 2019"]
[Site "Chartres"]
[Date "2019.08.17"]
[Round "1.3"]
[White "Partinico, Jeremy"]
[Black "Constantin, Francois"]
[Result "0-1"]
[ECO "B01"]
[WhiteElo "1985"]
[BlackElo "1844"]
[Annotator "NA"]
[PlyCount "79"]
[EventDate "2019.08.17"]
[EventType "swiss"]
[EventCountry "FRA"]
[SourceTitle "playchess.com"]
[Source "ChessBase"]
[SourceQuality "1"]
[TimeControl "40/5400+30:1800+30"]

1. e4 d5 2. exd5 Nf6 3. d4 Nxd5 4. c4 Nb6 5. Nf3 Bg4 6. c5 N6d7 7. Bc4 e6 8. h3 Bxf3 9. Qxf3 Nc6 10. Be3 Be7 11. Bb5 O-O 12. Bxc6 bxc6 13. Qxc6 Nf6 14. Nc3 Qb8 15. b3 Qb4 16. Rc1 Nd5 17. Qb5 a5 18. Qxb4 axb4 19. Na4 Bf6 20. Ke2 Rfd8 21. Rc4 Nc3+ 22. Nxc3 bxc3 23. a4 e5 24. dxe5 Bxe5 25. Rd1 Rdb8 26. Rb1 Rd8 27. g4 g6 28. Re4 Re8 29. Rd1 f5 30. gxf5 gxf5 31. Rh4 f4 32. Rg4+ Kh8 33. Bc1 c2 34. Rd5 Bb2+ 35. Kd2 Re2+ 36. Kxe2 Bxc1 37. Kd3 Be3 38. Kxc2 Bxf2 39. Rxf4 Bg3 40. Rg4 0-1

[Event "94th FRA-ch Open B 2019"]
[Site "Chartres"]
[Date "2019.08.17"]
[Round "1.4"]
[White "Famel, Edouard"]
[Black "Clementz, Joel"]
[Result "1-0"]
[ECO "E46"]
[WhiteElo "1844"]
[BlackElo "1969"]
[Annotator "NA"]
[PlyCount "87"]
[EventDate "2019.08.17"]
[EventType "swiss"]
[EventCountry "FRA"]
[SourceTitle "playchess.com"]
[Source "ChessBase"]
[SourceQuality "1"]
[TimeControl "40/5400+30:1800+30"]

1. d4 Nf6 2. c4 e6 3. Nc3 Bb4 4. e3 b6 5. Nge2 Bb7 6. a3 Be7 7. Nf4 O-O 8. Bd3 d5 9. cxd5 exd5 10. O-O Nbd7 11. Qf3 c6 12. Rd1 Re8 13. g4 Bf8 14. Qg2 h6 15. h4 Ne4 16. Nxe4 dxe4 17. Bxe4 Qxh4 18. Bf3 Nf6 19. Nd3 Bd6 20. e4 Nh7 21. e5 Be7 22. b4 Rad8 23. Be3 Ng5 24. Bxg5 Bxg5 25. Ne1 Re7 26. b5 h5 27. bxc6 Bc8 28. gxh5 Rxd4 29. Rxd4 Qxd4 30. Qxg5 Rxe5 31. Qc1 Rc5 32. Qd1 Qf6 33. Ng2 Bh3 34. Ra2 Rc3 35. Be4 Rc4 36. f3 Qg5 37. Rd2 Rd4 38. f4 Rxd2 39. Qxd2 Qc5+ 40. Qe3 Qxh5 41. Qd3 Qc5+ 42. Kh2 Be6 43. Qd8+ Qf8 44. Bh7+ 1-0

[Event "94th FRA-ch Open B 2019"]
[Site "Chartres"]
[Date "2019.08.17"]
[Round "1.6"]
[White "Pinson, Alexis"]
[Black "Vekemans, Denis"]
[Result "1-0"]
[ECO "B01"]
[WhiteElo "1841"]
[BlackElo "1961"]
[Annotator "NA"]
[PlyCount "67"]
[EventDate "2019.08.17"]
[EventType "swiss"]
[EventCountry "FRA"]
[SourceTitle "playchess.com"]
[Source "ChessBase"]
[SourceQuality "1"]
[TimeControl "40/5400+30:1800+30"]

1. e4 d5 2. exd5 Qxd5 3. Nc3 Qa5 4. Bc4 Nf6 5. h3 Nc6 6. Nf3 Bf5 7. d3 e6 8. O-O O-O-O 9. a3 Bd6 10. Be3 Ne5 11. Nd2 c6 12. b4 Qc7 13. b5 Nd5 14. Ne2 Nxe3 15. fxe3 Nxc4 16. Nxc4 Bh2+ 17. Kh1 cxb5 18. Nd2 Bd6 19. Nd4 Qc5 20. a4 Qe5 21. N2f3 Qxe3 22. Nxb5 Bb8 23. Ra3 a6 24. Rc3+ Kd7 25. Nbd4 Bg6 26. Qb1 Rc8 27. Qxb7+ Rc7 28. Rxc7+ Bxc7 29. Re1 Qf4 30. Ne5+ Ke8 31. Qc8+ Ke7 32. Qxc7+ Kf6 33. Nd7+ Kg5 34. Nf3+ 1-0

[Event "94th FRA-ch Open B 2019"]
[Site "Chartres"]
[Date "2019.08.18"]
[Round "2.1"]
[White "Marrero Rodriguez, Alexis"]
[Black "Trouville, Remi"]
[Result "0-1"]
[ECO "B21"]
[WhiteElo "2091"]
[BlackElo "1991"]
[Annotator "NA"]
[PlyCount "64"]
[EventDate "2019.08.17"]
[EventType "swiss"]
[EventCountry "FRA"]
[SourceTitle "playchess.com"]
[Source "ChessBase"]
[SourceQuality "1"]
[TimeControl "40/5400+30:1800+30"]

1. e4 c5 2. d4 cxd4 3. c3 dxc3 4. Nxc3 e6 5. Nf3 Ne7 6. Bg5 a6 7. Bc4 h6 8. Be3 b5 9. Bb3 Bb7 10. Qe2 Ng6 11. O-O Be7 12. Rfd1 O-O 13. Rac1 Nc6 14. g3 Na5 15. h4 Nxb3 16. axb3 b4 17. h5 bxc3 18. hxg6 fxg6 19. bxc3 Bf6 20. Nd4 Qe7 21. f3 Rac8 22. Qd2 Bxd4 23. Qxd4 Rxf3 24. Kg2 Rf7 25. Qd3 d5 26. exd5 Bxd5+ 27. Kh2 Rcf8 28. c4 Ba8 29. Qxg6 Rf2+ 30. Bxf2 Rxf2+ 31. Kh3 Bg2+ 32. Kg4 h5+ 0-1

[Event "94th FRA-ch Open B 2019"]
[Site "Chartres"]
[Date "2019.08.18"]
[Round "2.2"]
[White "Dorval, Olivier"]
[Black "Partinico, Jeremy"]
[Result "1-0"]
[ECO "A45"]
[WhiteElo "1868"]
[BlackElo "1985"]
[Annotator "NA"]
[PlyCount "91"]
[EventDate "2019.08.17"]
[EventType "swiss"]
[EventCountry "FRA"]
[SourceTitle "playchess.com"]
[Source "ChessBase"]
[SourceQuality "1"]
[TimeControl "40/5400+30:1800+30"]

1. d4 Nf6 2. Bf4 c5 3. e3 Qb6 4. Nc3 cxd4 5. exd4 e6 6. Rb1 Bb4 7. Nge2 Nc6 8. a3 Bxc3+ 9. bxc3 Qa5 10. Bd6 Ne4 11. Bb4 Qd8 12. f3 a5 13. fxe4 axb4 14. axb4 Qh4+ 15. Ng3 O-O 16. Bd3 f5 17. exf5 exf5 18. O-O f4 19. Qh5 Qxh5 20. Nxh5 g5 21. Bc4+ Kh8 22. Ra1 Rxa1 23. Rxa1 d5 24. Bxd5 Bg4 25. Bf3 Bxf3 26. gxf3 Kg8 27. h4 gxh4 28. Kh2 Rf5 29. Rg1+ Kf7 30. Rg7+ Kf8 31. Rxh7 Ne7 32. Kh3 Nd5 33. Kxh4 b5 34. Ng7 Rf6 35. Rh5 Ne7 36. Kg5 Kxg7 37. Rh7+ Kxh7 38. Kxf6 Nd5+ 39. Ke6 Nxc3 40. d5 Ne2 41. d6 Nd4+ 42. Kd5 Nf5 43. d7 Ne7+ 44. Kd6 Nf5+ 45. Ke6 Ng7+ 46. Kf7 1-0

[Event "94th FRA-ch Open B 2019"]
[Site "Chartres"]
[Date "2019.08.18"]
[Round "2.3"]
[White "Schneider, Mano"]
[Black "Antoine, Jean-Luc"]
[Result "1/2-1/2"]
[ECO "B50"]
[WhiteElo "1866"]
[BlackElo "1959"]
[Annotator "NA"]
[PlyCount "62"]
[EventDate "2019.08.17"]
[EventType "swiss"]
[EventCountry "FRA"]
[SourceTitle "playchess.com"]
[Source "ChessBase"]
[SourceQuality "1"]
[TimeControl "40/5400+30:1800+30"]

1. e4 c5 2. Nf3 d6 3. c3 Nf6 4. h3 Nc6 5. Bd3 g6 6. Bc2 e5 7. O-O Bg7 8. d4 O-O 9. dxe5 Nxe5 10. Nxe5 dxe5 11. Qe2 Be6 12. Bb3 Bxb3 13. axb3 Qb6 14. Qc2 Qc6 15. f3 a6 16. c4 b6 17. Nc3 a5 18. Nd5 Nxd5 19. cxd5 Qd6 20. Be3 Rad8 21. Qc4 Qe7 22. Qb5 Rd6 23. Rfc1 Bf6 24. b4 axb4 25. Ra6 Bg5 26. Bxg5 Qxg5 27. Rxc5 Qe3+ 28. Kh1 bxc5 29. Rxd6 Qc1+ 30. Kh2 Qf4+ 31. Kg1 Qe3+ 1/2-1/2

[Event "94th FRA-ch Open B 2019"]
[Site "Chartres"]
[Date "2019.08.18"]
[Round "2.4"]
[White "Lebrun, Elias"]
[Black "Le Solleu, Guillaume"]
[Result "0-1"]
[ECO "E43"]
[WhiteElo "1862"]
[BlackElo "1944"]
[Annotator "NA"]
[PlyCount "110"]
[EventDate "2019.08.17"]
[EventType "swiss"]
[EventCountry "FRA"]
[SourceTitle "playchess.com"]
[Source "ChessBase"]
[SourceQuality "1"]
[TimeControl "40/5400+30:1800+30"]

1. d4 Nf6 2. c4 e6 3. Nc3 Bb4 4. e3 c5 5. Nf3 b6 6. Bd3 Bb7 7. O-O Bxc3 8. bxc3 O-O 9. Re1 Ne4 10. Qc2 f5 11. Nd2 Qh4 12. g3 Qf6 13. Ba3 d6 14. f4 Nxd2 15. Qxd2 Nd7 16. e4 cxd4 17. e5 dxe5 18. fxe5 Nxe5 19. Rxe5 Qxe5 20. Re1 dxc3 21. Qf2 Qf6 22. Bd6 Rfd8 23. Be5 Qh6 24. Re3 Rxd3 25. Rxd3 Qc1+ 26. Qf1 Qxf1+ 27. Kxf1 c2 28. Bb2 Be4 29. Rd7 e5 30. Ke2 Rc8 31. Kd2 Rxc4 32. Rxa7 Rc5 33. Rd7 Rd5+ 34. Rxd5 Bxd5 35. Kxc2 Bxa2 36. Bxe5 g5 37. Kc3 b5 38. Bd6 Kf7 39. Kd4 Ke6 40. Bb4 Kf6 41. Bd2 Kg6 42. Ke5 Bb1 43. Kd4 Kh5 44. Ke5 Kg4 45. Kd4 h6 46. h4 gxh4 47. gxh4 h5 48. Ke5 Bc2 49. Be1 f4 50. Kd4 Kf3 51. Bd2 Kg3 52. Be1+ Kg2 53. Kc3 Ba4 54. Kd3 f3 55. Ke3 b4 0-1

[Event "94th FRA-ch Open B 2019"]
[Site "Chartres"]
[Date "2019.08.18"]
[Round "2.5"]
[White "Navrotescu, Vlad-Andrei"]
[Black "Ferry, Roger"]
[Result "1-0"]
[ECO "D02"]
[WhiteElo "1943"]
[BlackElo "1853"]
[Annotator "NA"]
[PlyCount "103"]
[EventDate "2019.08.17"]
[EventType "swiss"]
[EventCountry "FRA"]
[SourceTitle "playchess.com"]
[Source "ChessBase"]
[SourceQuality "1"]
[TimeControl "40/5400+30:1800+30"]

1. d4 d5 2. Bf4 Nf6 3. e3 Bf5 4. c4 e6 5. Nc3 c6 6. Qb3 Qb6 7. c5 Qxb3 8. axb3 Nbd7 9. Nf3 Nh5 10. Be5 Nxe5 11. Nxe5 Nf6 12. b4 Nd7 13. Nxd7 Kxd7 14. b5 Be7 15. bxc6+ bxc6 16. b4 Rhb8 17. b5 Kc7 18. Ra6 cxb5 19. Bxb5 Rxb5 20. Nxb5+ Kb7 21. Ra3 a6 22. Nc3 a5 23. Kd2 Bd8 24. Nb5 Kc6 25. Nd6 Bg6 26. h4 h5 27. Rha1 Bc7 28. f3 f5 29. Rb3 a4 30. Rba3 Bxd6 31. cxd6 Kxd6 32. Rxa4 Rxa4 33. Rxa4 Ke7 34. Ra6 Kf6 35. Ke2 Be8 36. Kf2 Bg6 37. Kg3 Be8 38. Kf4 Bg6 39. Rb6 Bh7 40. Rb8 Bg6 41. Rh8 Bf7 42. e4 dxe4 43. fxe4 fxe4 44. Kxe4 Bg6+ 45. Kf4 Bf7 46. Rb8 Bg6 47. Rb6 Ke7 48. Ke5 Bf7 49. Rb7+ Ke8 50. Kd6 Bg6 51. Kxe6 Kd8 52. Rxg7 1-0

[Event "94th FRA-ch Open B 2019"]
[Site "Chartres"]
[Date "2019.08.18"]
[Round "2.6"]
[White "Fleurquin, Bryan"]
[Black "Dieuleveut, Floriane"]
[Result "1/2-1/2"]
[ECO "E90"]
[WhiteElo "1930"]
[BlackElo "1848"]
[Annotator "NA"]
[PlyCount "68"]
[EventDate "2019.08.17"]
[EventType "swiss"]
[EventCountry "FRA"]
[SourceTitle "playchess.com"]
[Source "ChessBase"]
[SourceQuality "1"]
[TimeControl "40/5400+30:1800+30"]

1. d4 Nf6 2. c4 g6 3. Nc3 Bg7 4. e4 d6 5. Nf3 O-O 6. Bd3 Bg4 7. Be3 Nc6 8. h3 Bxf3 9. gxf3 Nd7 10. Ne2 Nb4 11. a3 Nxd3+ 12. Qxd3 c5 13. Rd1 cxd4 14. Bxd4 Bxd4 15. Nxd4 Nc5 16. Qe3 Ne6 17. Nxe6 fxe6 18. h4 Qa5+ 19. Ke2 Qe5 20. Qd4 Qxd4 21. Rxd4 Rac8 22. b3 Rc5 23. Ke3 Rh5 24. Rdd1 Rc5 25. Rdg1 Kf7 26. Rg5 Rfc8 27. Rxc5 Rxc5 28. f4 b5 29. Kd4 bxc4 30. bxc4 Ra5 31. Ra1 Rh5 32. Rh1 Ra5 33. Ra1 Rh5 34. Rh1 Ra5 1/2-1/2

[Event "94th FRA-ch Open B 2019"]
[Site "Chartres"]
[Date "2019.08.19"]
[Round "3.1"]
[White "Trouville, Remi"]
[Black "Lucbernet, Thomas"]
[Result "1/2-1/2"]
[ECO "C12"]
[WhiteElo "1991"]
[BlackElo "1873"]
[Annotator "NA"]
[PlyCount "107"]
[EventDate "2019.08.17"]
[EventType "swiss"]
[EventCountry "FRA"]
[SourceTitle "playchess.com"]
[Source "ChessBase"]
[SourceQuality "1"]
[TimeControl "40/5400+30:1800+30"]

1. d4 d5 2. Nc3 Nf6 3. e4 e6 4. Bg5 Bb4 5. e5 h6 6. exf6 hxg5 7. fxg7 Rg8 8. Qh5 Qf6 9. O-O-O Qxg7 10. Nge2 Nc6 11. Nb5 Ba5 12. c3 a6 13. Na3 b5 14. Nc2 b4 15. Qf3 bxc3 16. Nxc3 Bd7 17. Qe3 Kd8 18. h4 gxh4 19. Rxh4 Qg5 20. Qxg5+ Rxg5 21. Rh8+ Be8 22. Ne2 Nb4 23. Nxb4 Bxb4 24. f4 Rg7 25. Rd3 f5 26. Rb3 Bd6 27. g3 Ke7 28. Re3 Bc6 29. Rh6 Bd7 30. Nc3 Kf7 31. Ne2 Rb8 32. Kc2 Rg6 33. Rh7+ Rg7 34. Rh1 Bb5 35. Nc3 Bxf1 36. Rxf1 Rbg8 37. Ne2 Rh7 38. Rf2 c5 39. Ra3 cxd4 40. Rxa6 Rc8+ 41. Kd3 Bc5 42. Nxd4 Rh1 43. Rd2 Re1 44. Rc6 Rxc6 45. Nxc6 Re3+ 46. Kc2 Rxg3 47. Ne5+ Ke7 48. Rh2 Be3 49. Rh7+ Kd6 50. Rd7+ Kc5 51. Nd3+ Kd4 52. Nb4 Bxf4 53. Nc6+ Kc5 54. Na5 1/2-1/2

[Event "94th FRA-ch Open B 2019"]
[Site "Chartres"]
[Date "2019.08.19"]
[Round "3.2"]
[White "Le Solleu, Guillaume"]
[Black "Dorval, Olivier"]
[Result "1-0"]
[ECO "A90"]
[WhiteElo "1944"]
[BlackElo "1868"]
[Annotator "NA"]
[PlyCount "131"]
[EventDate "2019.08.17"]
[EventType "swiss"]
[EventCountry "FRA"]
[SourceTitle "playchess.com"]
[Source "ChessBase"]
[SourceQuality "1"]
[TimeControl "40/5400+30:1800+30"]

1. d4 e6 2. c4 f5 3. g3 Nf6 4. Bg2 c6 5. Qc2 d5 6. Nh3 Bd6 7. Bf4 O-O 8. O-O Qe7 9. Bxd6 Qxd6 10. Nd2 Bd7 11. Nf3 Be8 12. Nf4 Ne4 13. h4 Nd7 14. Nd3 Bh5 15. c5 Qe7 16. b4 g5 17. hxg5 Nxg5 18. Nfe5 Nxe5 19. Nxe5 Nf7 20. Bf3 Bxf3 21. Nxf3 Kh8 22. Kg2 Rg8 23. e3 Qc7 24. Rh1 Rg7 25. Rh3 Rag8 26. Rah1 Ng5 27. Nxg5 Rxg5 28. Rxh7+ Qxh7 29. Rxh7+ Kxh7 30. a4 a6 31. b5 axb5 32. axb5 R5g7 33. bxc6 bxc6 34. Qb1 Rc8 35. Kf3 Kg6 36. Qb6 Kf6 37. Qa6 Rgc7 38. Kf4 Rg8 39. Qb6 Rgc8 40. f3 Rg7 41. g4 fxg4 42. fxg4 Rcg8 43. Qxc6 Rxg4+ 44. Kf3 Rg3+ 45. Ke2 Rg2+ 46. Kd3 Ra2 47. Qd6 Rgg2 48. c6 Rab2 49. Qf8+ Kg6 50. Qg8+ Kf5 51. Qf7+ Kg5 52. Qe7+ Kh5 53. Qh7+ Kg4 54. Kc3 Ra2 55. c7 Ra3+ 56. Kb4 Ra8 57. Qg6+ Kf3 58. Qxe6 Rgg8 59. Kc5 Ra5+ 60. Kb6 Raa8 61. Kb7 Ke2 62. Qxd5 Kxe3 63. Qe5+ Kd3 64. d5 Rae8 65. Qf5+ Kc4 66. d6 1-0

[Event "94th FRA-ch Open B 2019"]
[Site "Chartres"]
[Date "2019.08.19"]
[Round "3.3"]
[White "Fretel, Liza"]
[Black "Navrotescu, Vlad-Andrei"]
[Result "1-0"]
[ECO "B06"]
[WhiteElo "1859"]
[BlackElo "1943"]
[Annotator "NA"]
[PlyCount "97"]
[EventDate "2019.08.17"]
[EventType "swiss"]
[EventCountry "FRA"]
[SourceTitle "playchess.com"]
[Source "ChessBase"]
[SourceQuality "1"]
[TimeControl "40/5400+30:1800+30"]

1. e4 g6 2. d4 Bg7 3. Nf3 d6 4. h3 a6 5. Bd3 b5 6. O-O Bb7 7. c3 Nc6 8. a4 b4 9. Qb3 e6 10. a5 Nge7 11. Be3 d5 12. e5 Rb8 13. cxb4 Bc8 14. Ra4 Nf5 15. Rc1 Bd7 16. Bxa6 Nxe3 17. fxe3 Na7 18. b5 Nxb5 19. Rb4 c6 20. Rxc6 Bxc6 21. Bxb5 Bxb5 22. Rxb5 O-O 23. Nc3 Bh6 24. Kf2 f6 25. exf6 Rxb5 26. Qxb5 Qxf6 27. Ke2 Qf5 28. Kd2 g5 29. Qe2 Rb8 30. Kc1 g4 31. hxg4 Qxg4 32. a6 Qg7 33. Ne5 Rc8 34. Kc2 Qe7 35. Nd3 Qg5 36. Nc5 Qxe3 37. Qxe3 Bxe3 38. Kd3 Bc1 39. b4 Kf7 40. b5 Bf4 41. b6 Rg8 42. Ne2 Bd6 43. a7 Ra8 44. Nc3 Bc7 45. bxc7 Ke7 46. Nb5 Rg8 47. Kc3 h5 48. Na6 Ra8 49. Nb8 1-0

[Event "94th FRA-ch Open B 2019"]
[Site "Chartres"]
[Date "2019.08.19"]
[Round "3.4"]
[White "Pinson, Alexis"]
[Black "Pavee, Louis"]
[Result "1-0"]
[ECO "C06"]
[WhiteElo "1841"]
[BlackElo "1921"]
[Annotator "NA"]
[PlyCount "81"]
[EventDate "2019.08.17"]
[EventType "swiss"]
[EventCountry "FRA"]
[SourceTitle "playchess.com"]
[Source "ChessBase"]
[SourceQuality "1"]
[TimeControl "40/5400+30:1800+30"]

1. e4 e6 2. d4 d5 3. Nd2 Nf6 4. e5 Nfd7 5. Bd3 c5 6. c3 Nc6 7. Ne2 cxd4 8. cxd4 f6 9. exf6 Nxf6 10. Nf3 Bd6 11. O-O Qc7 12. g3 O-O 13. Bf4 e5 14. dxe5 Nxe5 15. Nxe5 Bxe5 16. Rc1 Qd6 17. Re1 Bg4 18. Bxe5 Qxe5 19. Nd4 Qd6 20. f3 Bd7 21. Kg2 Kh8 22. Qd2 Rae8 23. Bb5 Bxb5 24. Nxb5 Qb6 25. Nd4 Nd7 26. b3 a6 27. Rxe8 Rxe8 28. Nf5 Qe6 29. Qg5 Qe5 30. Re1 Qb2+ 31. Kh3 Rf8 32. Re7 Qf6 33. Qxf6 Nxf6 34. Rxb7 g6 35. Nd4 Ra8 36. Rf7 Nh5 37. Rd7 Nf6 38. Rd6 Kg7 39. Ne6+ Kf7 40. Nc7 Ke7 41. Rxf6 1-0

[Event "94th FRA-ch Open B 2019"]
[Site "Chartres"]
[Date "2019.08.19"]
[Round "3.5"]
[White "Chabaud, Mathis"]
[Black "Carbonnier, Arnaud"]
[Result "1-0"]
[ECO "B15"]
[WhiteElo "1915"]
[BlackElo "1842"]
[Annotator "NA"]
[PlyCount "97"]
[EventDate "2019.08.17"]
[EventType "swiss"]
[EventCountry "FRA"]
[SourceTitle "playchess.com"]
[Source "ChessBase"]
[SourceQuality "1"]
[TimeControl "40/5400+30:1800+30"]

1. e4 c6 2. Nc3 d5 3. Nf3 dxe4 4. Nxe4 Nf6 5. Nxf6+ exf6 6. d4 Bd6 7. Be2 O-O 8. O-O Re8 9. Be3 Nd7 10. c4 Nf8 11. Qb3 h5 12. Rad1 Qe7 13. Rfe1 Be6 14. d5 cxd5 15. cxd5 Bg4 16. Nd4 Qe5 17. g3 Qe4 18. Bxg4 Qxg4 19. Nb5 Rad8 20. Nxd6 Rxd6 21. Qxb7 Ng6 22. Bc5 Rdd8 23. d6 Ne5 24. Kg2 Ng6 25. f3 Qc4 26. Qd5 Re2+ 27. Rxe2 Qxe2+ 28. Bf2 h4 29. Rd2 h3+ 30. Kg1 Qa6 31. b3 Ne5 32. Be3 Qc8 33. Kf2 Qc1 34. Rd1 Qc2+ 35. Qd2 Qf5 36. Bf4 Nd7 37. Qd3 Qa5 38. Rd2 g5 39. Be3 Ne5 40. Qd5 Qc3 41. Qd4 Qa5 42. Qxa7 Qb5 43. Qb6 Nd3+ 44. Rxd3 Qxd3 45. Qxd8+ Kg7 46. Qa5 Qxd6 47. Qc3 Kg6 48. Ke2 Qa6+ 49. Qd3+ 1-0

[Event "94th FRA-ch Open B 2019"]
[Site "Chartres"]
[Date "2019.08.19"]
[Round "3.6"]
[White "Hurstel, Alexis"]
[Black "Charles, Simon"]
[Result "1-0"]
[ECO "B31"]
[WhiteElo "1810"]
[BlackElo "1908"]
[Annotator "NA"]
[PlyCount "105"]
[EventDate "2019.08.17"]
[EventType "swiss"]
[EventCountry "FRA"]
[SourceTitle "playchess.com"]
[Source "ChessBase"]
[SourceQuality "1"]
[TimeControl "40/5400+30:1800+30"]

1. e4 c5 2. Nf3 Nc6 3. Bb5 g6 4. Bxc6 dxc6 5. h3 Bg7 6. d3 e5 7. O-O Ne7 8. Nc3 Be6 9. Be3 b6 10. Qd2 h6 11. a4 a5 12. Rad1 f5 13. Qe2 f4 14. Bc1 g5 15. Nh2 h5 16. Nb1 Qd7 17. f3 Bf6 18. Na3 Kf7 19. Nc4 Qc7 20. b3 Rhg8 21. Bb2 Rab8 22. Ba3 Rg6 23. c3 g4 24. fxg4 hxg4 25. Nxg4 Bxg4 26. hxg4 b5 27. Nd2 b4 28. cxb4 cxb4 29. Bb2 Rh8 30. d4 exd4 31. Qc4+ Ke8 32. Bxd4 f3 33. Nxf3 Qg3 34. Bb6 Kf8 35. Rd8+ Kg7 36. Rxh8 Kxh8 37. g5 Bg7 38. Bc5 Ng8 39. Qf7 Rxg5 40. Nxg5 Qxg5 41. Qf5 Qd2 42. Qh5+ Nh6 43. Qe8+ Kh7 44. Qxc6 Ng4 45. Qd5 Qc3 46. Qf5+ Kg8 47. Qxg4 Qxc5+ 48. Kh1 Qc2 49. Rf3 Qc1+ 50. Kh2 Qh6+ 51. Rh3 Qd6+ 52. e5 Qxe5+ 53. Rg3 1-0

[Event "94th FRA-ch Open B 2019"]
[Site "Chartres"]
[Date "2019.08.20"]
[Round "4.1"]
[White "Pinson, Alexis"]
[Black "Le Solleu, Guillaume"]
[Result "1-0"]
[ECO "B43"]
[WhiteElo "1841"]
[BlackElo "1944"]
[Annotator "NA"]
[PlyCount "55"]
[EventDate "2019.08.17"]
[EventType "swiss"]
[EventCountry "FRA"]
[SourceTitle "playchess.com"]
[Source "ChessBase"]
[SourceQuality "1"]
[TimeControl "40/5400+30:1800+30"]

1. e4 c5 2. Nc3 e6 3. Nf3 a6 4. d4 cxd4 5. Nxd4 b5 6. a3 Bb7 7. Bd3 Qb6 8. Nf3 Qc7 9. O-O Nc6 10. Be3 Nf6 11. Qd2 d6 12. Rfe1 Ng4 13. Bf4 Nge5 14. Nxe5 dxe5 15. Be3 Be7 16. Qe2 O-O 17. Qg4 Nd4 18. Bh6 Bf6 19. Re3 Kh8 20. Bg5 Qe7 21. h4 h6 22. Rh3 Kh7 23. f4 g6 24. fxe5 Bxg5 25. hxg5 h5 26. Nd5 exd5 27. exd5 Qxe5 28. Qxh5+ 1-0

[Event "94th FRA-ch Open B 2019"]
[Site "Chartres"]
[Date "2019.08.20"]
[Round "4.2"]
[White "Charon, Olivier"]
[Black "Chabaud, Mathis"]
[Result "0-1"]
[ECO "B23"]
[WhiteElo "1834"]
[BlackElo "1915"]
[Annotator "NA"]
[PlyCount "94"]
[EventDate "2019.08.17"]
[EventType "swiss"]
[EventCountry "FRA"]
[SourceTitle "playchess.com"]
[Source "ChessBase"]
[SourceQuality "1"]
[TimeControl "40/5400+30:1800+30"]

1. e4 c5 2. Nc3 Nc6 3. b3 e5 4. Bc4 d6 5. Qh5 g6 6. Qf3 Nf6 7. Nge2 Bg4 8. Qg3 h5 9. f3 h4 10. Qf2 Bd7 11. O-O Be7 12. f4 Qc7 13. fxe5 Nxe5 14. Nd5 Nxd5 15. Bxd5 O-O-O 16. b4 Be6 17. bxc5 dxc5 18. h3 Bxd5 19. exd5 Rh5 20. d4 cxd4 21. Nxd4 Bc5 22. Be3 Nc4 23. c3 Nxe3 24. Qxe3 Rhxd5 25. Qh6 Qg3 26. Rad1 Qxc3 27. Kh1 Rxd4 28. Rc1 Qa5 29. Qe3 R4d5 30. Qe7 Qc7 31. Qxh4 Kb8 32. a4 Qe7 33. Qg4 Qg5 34. Qe4 Qe5 35. Qxe5+ Rxe5 36. Rxf7 Rde8 37. Kh2 Bd6 38. Rd7 Re1+ 39. Rxd6 Rxc1 40. Rxg6 Rc3 41. Rg4 a6 42. h4 b5 43. axb5 axb5 44. Rb4 Re5 45. g3 Rc4 46. Rb3 b4 47. Kh3 Kc7 0-1

[Event "94th FRA-ch Open B 2019"]
[Site "Chartres"]
[Date "2019.08.20"]
[Round "4.3"]
[White "Hurstel, Alexis"]
[Black "Fretel, Liza"]
[Result "0-1"]
[ECO "B30"]
[WhiteElo "1810"]
[BlackElo "1859"]
[Annotator "NA"]
[PlyCount "72"]
[EventDate "2019.08.17"]
[EventType "swiss"]
[EventCountry "FRA"]
[SourceTitle "playchess.com"]
[Source "ChessBase"]
[SourceQuality "1"]
[TimeControl "40/5400+30:1800+30"]

1. e4 c5 2. Nf3 Nc6 3. Bb5 Nf6 4. e5 Nd5 5. O-O Nc7 6. Bxc6 dxc6 7. Nc3 Bg4 8. Re1 g6 9. d3 Ne6 10. h3 Bxf3 11. Qxf3 Nd4 12. Qd1 Bg7 13. Bf4 O-O 14. Ne4 Qb6 15. b3 Rad8 16. Qd2 Nf5 17. Rad1 f6 18. exf6 exf6 19. Qc3 Rd5 20. Qc4 Qa5 21. a4 Kh8 22. Bd2 Qb6 23. a5 Qa6 24. Qc3 b6 25. axb6 axb6 26. b4 Nd4 27. Ra1 Qb7 28. Qc4 f5 29. Ng3 f4 30. Ne4 f3 31. Rad1 fxg2 32. Kxg2 b5 33. Qa2 Qf7 34. Kf1 Qf3 35. Kg1 Qxh3 36. Re3 Qg4+ 0-1

[Event "94th FRA-ch Open B 2019"]
[Site "Chartres"]
[Date "2019.08.20"]
[Round "4.4"]
[White "Trouville, Remi"]
[Black "Martin, Axel"]
[Result "1/2-1/2"]
[ECO "D02"]
[WhiteElo "1991"]
[BlackElo "1998"]
[Annotator "NA"]
[PlyCount "61"]
[EventDate "2019.08.17"]
[EventType "swiss"]
[EventCountry "FRA"]
[SourceTitle "playchess.com"]
[Source "ChessBase"]
[SourceQuality "1"]
[TimeControl "40/5400+30:1800+30"]

1. d4 d5 2. Nf3 Nf6 3. g3 c5 4. e3 Nbd7 5. Bg2 b6 6. O-O Bb7 7. a4 g6 8. Nc3 Bg7 9. Ne5 Nxe5 10. dxe5 Ne4 11. f4 O-O 12. Ne2 e6 13. b3 Qc7 14. Bb2 Rfd8 15. Qe1 Rac8 16. g4 Ba6 17. c4 Bb7 18. Bxe4 dxe4 19. Bc3 Rd3 20. Nc1 Rd7 21. Ra2 Bc6 22. Rff2 a6 23. Rfd2 b5 24. Qd1 Rxd2 25. Rxd2 b4 26. Bb2 a5 27. g5 Bf8 28. Kf2 Bg7 29. Kg1 Bf8 30. Kf2 Bg7 31. Kg1 1/2-1/2